 Dungeon Crawl Stone Soup version 0.31.0-32-g396128a36d (webtiles) character file.

Game seed: 2615080993281030611

2711 Peloso the Carver (level 9, -3/79 HPs)
             Began as a Minotaur Fighter on Apr 16, 2024.
             Was a Believer of Okawaru.
             Slain by a fire elemental (9 damage)
             ... summoned by a deep elf pyromancer
             ... on level 7 of the Dungeon.
             The game lasted 00:11:01 (7150 turns).

Peloso the Carver (Minotaur Fighter)                Turns: 7150, Time: 00:11:02

Health: -3/79      AC: 19    Str: 22    XL:     9   Next: 39%
Magic:  8/8        EV:  8    Int:  5    God:    Okawaru [**....]
Gold:   296        SH:  5    Dex: 13    Spells: 8/8 levels left

rFire   . . .        a - +0 long sword
rCold   . . .        d - +0 buckler
rNeg    + . .        F - +0 plate armour
rPois   .            (helmet restricted)
rElec   .            c - +0 cloak
rCorr   .            z - +1 pair of gloves
SInv    .            q - +0 pair of boots
Will    .....        (no amulet) Stlth
                     m - ring of positive energy
HPRegen 0.33/turn    v - ring of flight
MPRegen 0.11/turn

%: no passive effects
@: on berserk cooldown, flying, slowed, very slow
A: horns 2, retaliatory headbutt
a: Renounce Religion, Heroism


You were on level 7 of the Dungeon.
You worshipped Okawaru.
Okawaru was pleased with you.
You visited 2 branches of the dungeon, and saw 9 of its levels.

You collected 386 gold pieces.
You spent 90 gold pieces at shops.

Inventory:

Hand Weapons
 a - a +0 long sword (weapon)
Armour
 b - a +0 scale mail
 c - a +0 cloak (worn)
 d - a +0 buckler (worn)
 q - a +0 pair of boots (worn)
 z - a +1 pair of gloves (worn)
 F - a +0 plate armour (worn)
Jewellery
 m - a ring of positive energy (left hand)
 v - a ring of flight (right hand)
 x - a ring of magical power
 D - a ring of positive energy
Talismans
 y - a flux talisman
Wands
 o - a wand of charming (4)
Scrolls
 f - a scroll of noise {unknown}
 g - 2 scrolls of fog
 h - 2 scrolls of fear {unknown}
 i - a scroll of identify
 k - 2 scrolls of revelation
 n - 3 scrolls of enchant weapon {unknown}
 s - a scroll of vulnerability {unknown}
 t - 2 scrolls of poison {unknown}
 w - a scroll of brand weapon {unknown}
 A - 2 scrolls of enchant armour {unknown}
 B - a scroll of blinking {unknown}
 G - a scroll of teleportation
Potions
 j - 2 potions of cancellation
 l - a potion of curing
 r - a potion of might
 C - a potion of enlightenment
 E - a potion of haste


   Skills:
 + Level 7.3 Fighting
 + Level 9.4 Long Blades
 + Level 8.9 Armour
 + Level 4.4 Dodging
 + Level 1.0 Stealth
 + Level 5.8 Shields


You had 8 spell levels left.
You didn't know any spells.
Your spell library contained the following spells:

 Spells                   Type           Power      Damage    Failure   Level
 Freeze                   Ice            0%         1d3       100%        1
 Lesser Beckoning         Tloc           0%         N/A       100%        2
 Mercury Vapours          Alch/Air       0%         N/A       100%        2
 Static Discharge         Conj/Air       0%         3-3/arc   100%        2
 Frozen Ramparts          Ice            0%         1d1       100%        3
 Fugue of the Fallen      Necr           0%         N/A       100%        3
 Gell's Gravitas          Tloc           0%         N/A       100%        3
 Hailstorm                Conj/Ice       0%         3d5       100%        3
 Mephitic Cloud           Conj/Alch/Air  0%         N/A       100%        3
 Ozocubu's Armour         Ice            0%         N/A       100%        3
 Teleport Other           Tloc           0%         N/A       100%        3
 Airstrike                Air            0%         2d(0-16)  100%        4
 Anguish                  Hex/Necr       0%         N/A       100%        4
 Cause Fear               Hex            0%         N/A       100%        4
 Manifold Assault         Tloc           0%         N/A       100%        4
 Freezing Cloud           Conj/Ice/Air   0%         6-21      100%        5
 Enfeeble                 Hex            0%         N/A       100%        7
 Summon Lightning Spire   Summ/Air       Unusable   N/A       N/A         4

Dungeon Overview and Level Annotations

Branches:
Dungeon (8/15)             Temple (1/1) D:5
   Lair: D:8-11

Altars:
Ashenzari
Cheibriados
Elyvilon
Hepliaklqana
Kikubaaqudgha
Makhleb
Nemelex Xobeh
Okawaru
Ru
Sif Muna
Trog
Uskayaw
Vehumet
Wu Jian
Xom
Yredelemnul

Shops:
D:2 ?   D:4 (

Annotations:
D:4 1 runed translucent door, creepster's ghost, amateur SpBr


Innate Abilities, Weirdness & Mutations

You have a pair of horns on your head.
You reflexively headbutt those who attack you in melee.


Message History

The deep elf pyromancer is heavily wounded.
The deep elf pyromancer hits you with a +0 dagger.
You closely miss the deep elf pyromancer.
You headbutt the deep elf pyromancer!
The deep elf pyromancer is severely wounded.
You are no longer berserk.
You are exhausted.
You feel yourself slow down.
The deep elf pyromancer hits you but does no damage.
The deep elf pyromancer casts a spell at you.
The bolt of fire hits you!!
* * * LOW HITPOINT WARNING * * *
The deep elf pyromancer hits you with a +0 dagger.
* * * LOW HITPOINT WARNING * * *
You feel much better.
You are no longer corroded.
The deep elf pyromancer casts a spell.
The deep elf pyromancer hits you with a +0 dagger.
You hit the deep elf pyromancer.
Your headbutt misses the deep elf pyromancer.
The deep elf pyromancer is severely wounded.
The deep elf pyromancer casts a spell at you.
The bolt of fire hits you!!
* * * LOW HITPOINT WARNING * * *
You feel much better.
The deep elf pyromancer mumbles some strange words.
The deep elf pyromancer blinks!
The fire elemental hits you. The fire elemental burns you!
You closely miss the deep elf pyromancer.
The deep elf pyromancer is severely wounded.
The fire elemental hits you. The fire elemental burns you!
* * * LOW HITPOINT WARNING * * *
You block the deep elf pyromancer's attack.
The fire elemental hits you. The fire elemental burns you!
* * * LOW HITPOINT WARNING * * *
You hit the deep elf pyromancer but do no damage.
You headbutt the deep elf pyromancer.
The deep elf pyromancer is almost dead.
The fire elemental hits you. The fire elemental burns you!
You die...

.##....###........###.##.#
.###..###...........######
.###..#.##..........#####
........##..........#...#
#.#.##....[.............##
#####.....##.|....#.)>...#
#........##....##.)....#
#.......##...e.E......##
##....#..###...@.°....##
##........##.....#<##..#
.#........###...########
..<....<...#.....##
......###.........#
.##...###.^......##
...#..............#
..#......###..#...#
........## #..##.##


You could see a deep elf pyromancer and a fire elemental (summoned).

Vanquished Creatures
  Pikel (D:6)
  Sigmund (D:6)
  A black bear (D:6)
  2 orc warriors (D:7)
  3 sky beasts
  An ogre (D:6)
  A centaur (D:7)
  A lemure (D:6)
  2 phantoms (D:6)
  A bullfrog (D:7)
  2 scorpions
  3 killer bees (D:6)
  A vampire bat (D:4)
  A bombardier beetle (D:5)
  2 jellies (D:4)
  6 hounds
  2 orc priests
  2 sleepcaps
  Jessica (D:2)
  4 iguanas
  Ijyb (D:3)
  2 orc wizards (D:5)
  11 adders
  A shadow imp (D:6)
  2 ufetubi (D:6)
  3 ribbon worms
  A dart slug (D:1)
  3 fire bats (D:4)
  8 orcs
  2 spectral bats (D:4)
  16 bats
  3 bat skeletons (D:4)
  A bat zombie (D:4)
  6 endoplasms
  A giant cockroach (D:3)
  4 goblins
  7 hobgoblins
  2 jackals (D:5)
  9 kobolds
  4 quokkas
  12 ball pythons
  A bat simulacrum (D:4)
  6 frilled lizards
  9 rats
153 creatures vanquished.

Notes
Turn   | Place    | Note
-------+----------+-------------------------------------------
     0 | D:1      | Peloso the Minotaur Fighter began the quest for the Orb.
     0 | D:1      | Reached XP level 1. HP: 19/19 MP: 0/0
   313 | D:1      | Reached XP level 2. HP: 27/27 MP: 1/1
   903 | D:2      | Reached XP level 3. HP: 33/33 MP: 2/2
   932 | D:2      | Reached skill level 3 in Long Blades
   932 | D:2      | Reached XP level 4. HP: 17/40 MP: 3/3
   937 | D:2      | Reached skill level 1 in Dodging
  1178 | D:2      | Noticed Jessica
  1187 | D:2      | Killed Jessica
  1516 | D:2      | Found Niczuaxt's Magic Scroll Shoppe.
  1520 | D:2      | Reached XP level 5. HP: 46/46 MP: 4/4
  1528 | D:2      | Bought a scroll of revelation for 90 gold pieces
  1937 | D:3      | Noticed Ijyb
  1957 | D:3      | Reached skill level 4 in Long Blades
  2003 | D:3      | Killed Ijyb
  2004 | D:3      | Reached skill level 5 in Armour
  2535 | D:3      | Found a sparkling altar of Nemelex Xobeh.
  3136 | D:4      | Reached skill level 5 in Long Blades
  3136 | D:4      | Reached XP level 6. HP: 32/53 MP: 5/5
  3222 | D:4      | Found a runed translucent door.
  3336 | D:4      | Noticed creepster's ghost (amateur SpBr)
  3457 | D:4      | Found Tiun's Weapon Emporium.
  3857 | D:5      | Entered Level 5 of the Dungeon
  3884 | D:5      | Reached XP level 7. HP: 46/60 MP: 6/6
  3893 | D:5      | Reached skill level 6 in Long Blades
  4140 | D:5      | Found a staircase to the Ecumenical Temple.
  4155 | D:5      | Reached skill level 5 in Fighting
  4162 | Temple   | Entered the Ecumenical Temple
  4179 | Temple   | Became a worshipper of Warmaster Okawaru
  4653 | D:5      | Reached skill level 5 in Shields
  5062 | D:6      | Reached skill level 7 in Long Blades
  5067 | D:6      | Noticed Pikel
  5095 | D:6      | Killed Pikel
  5095 | D:6      | Reached * piety under Okawaru
  5096 | D:6      | Reached XP level 8. HP: 45/70 MP: 7/7
  5259 | D:6      | Reached ** piety under Okawaru
  5260 | D:6      | Reached skill level 8 in Long Blades
  5337 | D:6      | Noticed Sigmund
  5350 | D:6      | Killed Sigmund
  5449 | D:6      | Reached XP level 9. HP: 60/78 MP: 5/8
  5556 | D:6      | Found a sacrificial altar of Ru.
  6049 | D:7      | Reached skill level 9 in Long Blades
  6486 | D:7      | Found a bloodstained altar of Trog.
  6496 | D:7      | Reached skill level 1 in Stealth
  6876 | D:8      | Noticed a deep elf pyromancer
  7150 | D:7      | Slain by a fire elemental

Illustrated notes

Levels and vault maps discovered:
D:1:      wander_arrival_chamber, layout_basic, serial_bayou_pond_c,
          minmay_misc_feat_plants
D:2:      layout_basic, serial_shops, shop, minmay_misc_feat_more_columns,
          minmay_fractal_squares_5, uniq_jessica
D:3:      minmay_diamond_boxcup, layout_basic,
          mainiacjoe_overflow_small_starburst, uniq_ijyb
D:4:      layout_rooms, gammafunk_ghost_grave, serial_shops,
          nicolae_shop_bloodbath_and_beyond, solitary_fountain,
          chequers_serial_rivers_micro_d, goddamned_bats
D:5:      layout_basic, minmay_temple_entry_statues_pillars,
          serial_corexii_hall, chequers_hall_statues_y, corexii_hall_statues_l,
          minmay_lizard_king
D:6:      layout_rooms, general_overflow_altar, uniq_sigmund, uniq_pikel
D:7:      layout_cave_pools, trog_butcher_becter
D:8:      minmay_bloctagon_deflated, layout_rooms,
          nicolae_twisty_statue_hallways
Temple:   cyrus_circular_temple

Skill      XL: |  1  2  3  4  5  6  7  8  9 |
---------------+----------------------------+-----
Fighting       | 4 5 6 7 |  7.3
Armour         | 4 5 7 8 |  8.9
Shields        | 4 5 |  5.8
Long Blades    | 3 5 7 8 9 |  9.4
Dodging        | 1 2 3 4 |  4.4
Stealth        | 1 |  1.0

Action                     |  1- 3 |  4- 6 |  7- 9 || total
---------------------------+-------+-------+-------++-------
  Melee: Long sword        |    76 |   178 |   211 ||   465
         Headbutt          |    10 |    24 |    39 ||    73
 Invoke: Heroism           |       |       |     1 ||     1
    Use: Potion            |     3 |       |     5 ||     8
         Scroll            |     2 |       |     6 ||     8
 Armour: Scale mail        |    98 |   148 |   146 ||   392
         Plate armour      |       |       |    45 ||    45
  Dodge: Dodged            |    47 |   135 |   104 ||   286
  Block: Buckler           |    36 |    49 |    43 ||   128
